 Dungeon Crawl Stone Soup version 0.26.1-2-gb8aa6d0cf2 (webtiles) character file.

Game seed: 9284349731455172546

163 Groucho the Covert (level 5, -4/24 HPs)
             Began as a Spriggan Enchanter on Mar 16, 2021.
             Killed from afar by Natasha (7 damage)
             ... with a magic dart
             ... on level 3 of the Dungeon.
             The game lasted 00:08:09 (7455 turns).

Groucho the Covert (Spriggan Enchanter)             Turns: 7455, Time: 00:08:10

Health: -4/24      AC:  3    Str:  5    XL:     5   Next: 20%
Magic:  10/10      EV: 18    Int: 16    God:
Gold:   102        SH:  0    Dex: 17    Spells: 3/9 levels left

rFire    . . .     SeeInvis +   a - +1 dagger
rCold    . . .     Faith    .   (shield restricted)
rNeg     . . .     Spirit   .   b - +1 robe
rPois    .         Reflect  .   (helmet restricted)
rElec    .         Harm     .   (no cloak)
rCorr    .         Rampage  .   (gloves unavailable)
Will     .....                  (boots unavailable)
Stlth    ++++......             (no amulet)
HPRegen  0.08/turn              (no ring)
MPRegen  0.12/turn              (no ring)

@: very quick
A: very small, unfitting armour, see invisible, speed 3
a: no special abilities


You were on level 3 of the Dungeon.
You visited 1 branch of the dungeon, and saw 4 of its levels.

You collected 102 gold pieces.

Inventory:

Hand Weapons
 a - a +1 dagger (weapon)
Missiles
 f - 82 stones
 q - 4 boomerangs (quivered)
Armour
 b - a +1 robe (worn)
Jewellery
 n - an uncursed ring of fire {unknown}
 o - an uncursed amulet of the acrobat {unknown}
 r - an uncursed ring of positive energy
Scrolls
 c - 2 scrolls of amnesia
 g - 2 scrolls of identify
 h - a scroll of enchant armour
 i - a scroll of blinking {unknown}
 j - 2 scrolls of remove curse {unknown}
 k - a scroll of enchant weapon {unknown}
 l - a scroll of fog {unknown}
Potions
 d - a potion of ambrosia {unknown}
 e - a potion of flight {unknown}
 m - a potion of berserk rage {unknown}
 p - a potion of heal wounds {unknown}
 s - a potion of attraction {unknown}


   Skills:
 - Level 1.1 Short Blades
 - Level 3.0 Dodging
 + Level 9.2 Stealth
 - Level 2.6 Spellcasting
 - Level 3.6 Hexes


You had 3 spell levels left.
You knew the following spells:

 Your Spells              Type           Power        Failure   Level
a - Corona                Hex            14%          4%          1
b - Ensorcelled Hibernat  Hex/Ice        14%          14%         2
c - Confusing Touch       Hex            13%          13%         3

Your spell library contained the following spells:

 Spells                   Type           Power        Failure   Level
 Tukima's Dance           Hex            13%          13%         3
 Dazzling Flash           Conj/Hex       14%          28%         3


Dungeon Overview and Level Annotations

Branches:
Dungeon (4/15)
 Temple: D:4-7

Altars:
Qazlal
Wu Jian

Annotations:
D:3 Natasha


Innate Abilities, Weirdness & Mutations

You are very small and have problems with some larger weapons.
You are too small for most types of armour.
You have supernaturally acute eyesight. (SInv)
You cover ground extremely quickly.


Message History

Natasha is moderately wounded.
Natasha closely misses you.
The kobold throws a stone.
The stone closely misses you. The crimson imp completely misses you.
Natasha stares at you and mumbles some strange words.
The magic dart hits you.
* * * LOW HITPOINT WARNING * * *
The kobold throws a stone.
The stone barely misses you.
Unknown command.
The crimson imp misses you. Natasha misses you.
The kobold throws a stone.
The stone misses you.
You feel yourself speed up. The crimson imp misses you.
The giant cockroach waves its antennae.
The crimson imp blinks!
Natasha stares at you and mumbles some strange words.
You easily resist.
Found a pair of runed gloves.
Natasha stares at you and mumbles some strange words.
The magic dart hits you!
You die...

###.....#.#...........#......##
.....................[.........
##......#.#####....#.......#.##
#......#.#......###..####.# #
#........####...###.........
####'######E#...#E#######..<#
#####....#####...#### ###
.............)......####
.........#....._@.....[.
.........##.........###.
.........#####...######.#
########.# #E#...#E#....# #.#
###...###....# ########.#
#............
......##.###....B.......
......##.........h..#.#. ....
..........#.........#.# .....#


You could see an earth elemental (wandering), a water elemental, a fire
elemental (dormant), an air elemental (wandering), Natasha and a giant
cockroach.

Vanquished Creatures
  An orc wizard (D:3)
  4 gnolls (D:2)
  2 adders
  An ooze (D:2)
  A worm (D:2)
  4 dart slugs
  A leopard gecko (D:2)
  8 bats
  4 giant cockroaches
  11 hobgoblins
  2 jackals (D:2)
  2 quokkas
  A ball python (D:2)
  3 frilled lizards
  7 goblins
  4 kobolds
  7 rats
63 creatures vanquished.

Notes
Turn   | Place    | Note
-------+----------+-------------------------------------------
     0 | D:1      | Groucho the Spriggan Enchanter began the quest for the Orb.
     0 | D:1      | Reached XP level 1. HP: 9/9 MP: 5/5
   395 | D:1      | Reached skill level 5 in Stealth
   440 | D:1      | Reached XP level 2. HP: 11/13 MP: 6/6
   538 | D:1      | Learned a level 2 spell: Ensorcelled Hibernation
  1754 | D:1      | Reached skill level 6 in Stealth
  2735 | D:1      | Reached XP level 3. HP: 16/16 MP: 2/8
  3190 | D:1      | Learned a level 3 spell: Confusing Touch
  4047 | D:2      | Reached skill level 7 in Stealth
  4052 | D:2      | Reached XP level 4. HP: 21/21 MP: 6/9
  4554 | D:2      | Found an ornate altar of the Wu Jian Council.
  4999 | D:2      | Reached skill level 8 in Stealth
  5722 | D:3      | Found a stormy altar of Qazlal.
  5722 | D:3      | Noticed an earth elemental
  6574 | D:3      | Reached skill level 9 in Stealth
  6574 | D:3      | Reached XP level 5. HP: 20/24 MP: 5/10
  7054 | D:3      | Noticed a fire elemental
  7055 | D:3      | Noticed an air elemental
  7055 | D:3      | Noticed a water elemental
  7421 | D:3      | Noticed Natasha
  7455 | D:3      | Killed from afar by Natasha

Illustrated notes

Levels and vault maps discovered:
D:1:      noname_arrival_rooms_in_the_neighbourhood, layout_basic,
          serial_corexii_hall, corexii_hall_statues_s, corexii_hall_statues_i,
          chequers_hall_statues_y, corexii_hall_statues_i
D:2:      layout_loops_cross, lemuel_doored_altar
D:3:      layout_basic, kennysheep_slug_shrine,
          nicolae_qazlal_style_of_elements, portal_sewer_entry_b,
          minmay_joined_circles, uniq_terence, uniq_crazy_yiuf_cottage,
          uniq_natasha
D:4:      minmay_evil_eye, layout_basic, minmay_temple_entry_wispy

Skill      XL: |  1  2  3  4 |
---------------+-------------+-----
Stealth        | 5 6 7 9 |  9.2
Short Blades   | |  1.1
Dodging        | |  3.0
Spellcasting   | |  2.6
Hexes          | |  3.6

Action                   |  1- 3 |  4- 6 || total
-------------------------+-------+-------++-------
Melee: Dagger            |    73 |   115 ||   188
Throw: Stone             |     2 |       ||     2
       Boomerang         |       |     1 ||     1
 Cast: Ensorcelled Hiber |    19 |    24 ||    43
       Confusing Touch   |     1 |     2 ||     3
  Use: Scroll            |     1 |     2 ||     3
       Potion            |       |     1 ||     1
 Stab: Sleeping          |    29 |    19 ||    48
       Distracted        |     1 |       ||     1
       Confused          |     1 |       ||     1
Armor: Robe              |    14 |     9 ||    23
Dodge: Dodged            |    61 |    88 ||   149
